 Dungeon Crawl Stone Soup version 0.31.0-32-g396128a36d (webtiles) character file.

Game seed: 12602396985719586874

35 PaiMei the Grave Robber (level 3, -2/25 HPs)
             Began as a Demonspawn Necromancer on Mar 29, 2024.
             Slain by a gnoll
             ... wielding a +2 flail of distortion
              (19 damage)
             ... on level 2 of the Dungeon.
             The game lasted 00:01:28 (1125 turns).

PaiMei the Grave Robber (Demonspawn Necromancer)    Turns: 1125, Time: 00:01:29

Health: -2/25      AC:  2    Str:  8    XL:     3   Next: 16%
Magic:  5/6        EV: 12    Int: 17    God:
Gold:   42         SH:  0    Dex: 13    Spells: 2/6 levels left

rFire   . . .        g - +0 scimitar
rCold   . . .        (no shield)
rNeg    . . .        a - +0 robe
rPois   .            (no helmet)
rElec   .            (no cloak)
rCorr   .            (no gloves)
SInv    .            (no boots)
Will    .....        (no amulet)
Stlth   ++           (no ring)
HPRegen 0.24/turn    (no ring)
MPRegen 0.20/turn

%: no passive effects
@: no status effects
A: magic regeneration
a: no special abilities


You were on level 2 of the Dungeon.
You visited 1 branch of the dungeon, and saw 2 of its levels.

You collected 42 gold pieces.

Inventory:

Hand Weapons
 c - a +0 club
 g - a +0 scimitar (weapon)
Armour
 a - a +0 robe (worn)
Jewellery
 e - a ring of flight
Scrolls
 d - a scroll of immolation {unknown}
Potions
 b - a potion of magic
 f - a potion of curing {unknown}


   Skills:
 + Level 0.8 Fighting
 + Level 2.2 Dodging
 - Level 2.0 Stealth
 + Level 2.4 Spellcasting
 + Level 4.7 Necromancy


You had 2 spell levels left.
You knew the following spells:

 Your Spells              Type           Power      Damage    Failure   Level
a - Necrotise             Necr           72%        1d7       2%          1
b - Vampiric Draining     Necr           18%        2d7       8%          3

Your spell library contained the following spells:

 Spells                   Type           Power      Damage    Failure   Level
 Animate Dead             Necr           18%        N/A       26%         4
 Curse of Agony           Necr           18%        N/A       58%         5


Dungeon Overview and Level Annotations

Branches:
Dungeon (2/15)

Altars:


Innate Abilities, Weirdness & Mutations

You regenerate magic rapidly.


Message History

Your experience leads to an increase in your attributes!
Increase (S)trength, (I)ntelligence, or (D)exterity?
You feel clever. x2
This spell is quite dangerous to cast!
You start memorising the spell.
You continue memorising. x3
You finish memorising.
Spell assigned to 'b'.
HP restored.
Magic restored.
You swap places.
You see here a +0 whip.
There is an escape hatch in the ceiling here.
A gnoll is nearby!
The gnoll shouts!
The gnoll throws a throwing net.
The throwing net hits you.
You become entangled in the net!
You see here a throwing net.
Casting: Necrotise (safe; 2% risk of failure)
Confirm with . or Enter, or press ? or * to list all spells.
You can't see any susceptible monsters within range! (Use Z to cast anyway.)
You tear a large gash into the net.
Casting: Necrotise (safe; 2% risk of failure)
Confirm with . or Enter, or press ? or * to list all spells.
Aiming: Necrotise (safe; 2% risk of failure)
Press: ? - help, Shift-Dir - straight line, f - gnoll
Aim: a gnoll, wielding a +2 flail of distortion (ally target, chance to affect: 83%)
The gnoll barely resists.
A ball python comes into view.
You struggle against the net.
You rip the net and break free!
Your gnoll skeleton misses the gnoll.
The gnoll barely misses you.
Your gnoll skeleton hits the gnoll.
Casting: Necrotise (safe; 2% risk of failure)
Confirm with . or Enter, or press ? or * to list all spells.
Aiming: Necrotise (safe; 2% risk of failure)
Press: ? - help, Shift-Dir - straight line, f/p - gnoll
Aim: a gnoll, wielding a +2 flail of distortion (moderately wounded, ally target, chance to affect: 83%)
The gnoll barely resists.
The gnoll hits you with a +2 flail of distortion!
Space warps horribly around you!!
Ouch! That really hurt!
You die...

##.....######..#
############..............#
#<...g..............#####.##
#..#######...........##.....
#>.# #.....)....)##.#.#. #..#
#........>#......#. ....##
#........##........
.....g....###...#...####.#.....
........# #...S.@....##
#.###... #.#g#.....#####gZ.####
#.#..... # #.....#.g.........#
#.#<#... ..?#..#######...#.#
#.#.#... ..#######...#<#
#.#.#..# ............#.#
####.#.#..#
........)..##.###.........#
.######.#####.)......#.##.# #.#
#####.####.##Z#


You could see a gnoll (ally target), a ball python and a friendly gnoll
skeleton.

Vanquished Creatures
  A gnoll (D:2)
  An endoplasm (D:1)
  4 goblins
  4 jackals (D:2)
  A quokka (D:1)
  3 ball pythons (D:1)
  A bat (D:1)
  3 frilled lizards
  2 kobolds
  6 rats
26 creatures vanquished.

Vanquished Creatures (collateral kills)
  A goblin (D:2)
1 creature vanquished.

Grand Total: 27 creatures vanquished

Notes
Turn   | Place    | Note
-------+----------+-------------------------------------------
     0 | D:1      | PaiMei the Demonspawn Necromancer began the quest for the
                  | Orb.
     0 | D:1      | Reached XP level 1. HP: 13/13 MP: 3/3
   324 | D:1      | Gained mutation: You regenerate magic rapidly. [demonic
                  | ancestry]
   324 | D:1      | Reached XP level 2. HP: 19/19 MP: 3/5
  1104 | D:2      | Reached XP level 3. HP: 23/25 MP: 4/6
  1108 | D:2      | Learned a level 3 spell: Vampiric Draining
  1125 | D:2      | Slain by a gnoll

Illustrated notes

Levels and vault maps discovered:
D:1:      saegor_arrival_simple_b, layout_basic
D:2:      layout_loops_ring, minmay_misc_feat_square

Skill      XL: |  1 |
---------------+----+-----
Stealth        | 2 |  2.0
Dodging        | 2 |  2.2
Fighting       | |  0.8
Spellcasting   | |  2.4
Necromancy     | |  4.7

Action                     || total
---------------------------++-------
  Melee: Club              ||    19
         Scimitar          ||     2
   Cast: Necrotise         ||    45
 Armour: Robe              ||    24
  Dodge: Dodged            ||    31
